 Dungeon Crawl Stone Soup version 0.31.0-11-ge490571c62 (webtiles) character file.

Game seed: 3583041707404285068

315 qw the Skirmisher (level 6, -8/35 HPs)
             Began as a Deep Elf Hunter on Feb 5, 2024.
             Mangled by an ogre
             ... wielding a +0 giant club
              (16 damage)
             ... on level 4 of the Dungeon.
             The game lasted 00:00:43 (2295 turns).

qw the Skirmisher (Deep Elf Hunter)                 Turns: 2295, Time: 00:00:44

Health: -8/35      AC: 14    Str: 10    XL:     6   Next: 20%
Magic:  8/8        EV: 11    Int: 16    God:
Gold:   145        SH:  0    Dex: 20    Spells: 5/5 levels left

rFire   + . .        b - +1 shortbow of Silly Indomitability {heavy, rF+ Int+2 Dex+2}
rCold   . . .        (shield currently unavailable)
rNeg    . . .        d - +0 ring mail
rPois   .            m - +1 helmet
rElec   .            (no cloak)
rCorr   .            i - +1 pair of gloves
SInv    .            e - +0 pair of boots
Will    .....        (no amulet)
Stlth   +            l - +4 ring of protection
HPRegen 0.25/turn    (no ring)
MPRegen 0.11/turn

%: no passive effects
@: about to teleport
A: no striking features
a: no special abilities


You were on level 4 of the Dungeon.
You visited 1 branch of the dungeon, and saw 4 of its levels.

You collected 145 gold pieces.


   Skills:
 - Level 2.2 Fighting
 - Level 9.3 Ranged Weapons
 - Level 1.0 Armour
 + Level 2.4 Dodging
 - Level 1.2 Stealth


You had 5 spell levels left.
You didn't know any spells.
Your spell library was empty.

Inventory:

Hand Weapons
 b - the +1 shortbow of Silly Indomitability (weapon) {heavy, rF+ Int+2 Dex+2}
   (You acquired it on level 3 of the Dungeon)

   Int+2:     It affects your intelligence (+2).
   Dex+2:     It affects your dexterity (+2).
   rF+:       It protects you from fire.
Armour
 d - a +0 ring mail (worn)
 e - a +0 pair of boots (worn)
 i - a +1 pair of gloves (worn)
 m - a +1 helmet (worn)
Jewellery
 l - a +4 ring of protection (left hand)
Scrolls
 c - a scroll of teleportation
Potions
 g - a potion of heal wounds
 h - a potion of curing
 j - a potion of cancellation {unknown}
 n - a potion of ambrosia {unknown}
 o - a potion of attraction {unknown}
 q - a potion of brilliance {unknown}

Dungeon Overview and Level Annotations

Branches:
Dungeon (4/15)
 Temple: D:4-7

Altars:


Message History

A scorpion comes into view.
You shoot an arrow. The arrow closely misses the scorpion.
You shoot an arrow. The arrow hits the scorpion.
The scorpion is moderately wounded.
You shoot an arrow. The arrow hits the scorpion!
You kill the scorpion!
Your Fighting skill increases to level 2!
You have reached level 6!
Found 5 stones.
There is a fountain of clear blue water here.
There is a fountain of clear blue water here.
There is a fountain of clear blue water here.
There is a fountain of clear blue water here.
Found a dagger.
A hobgoblin comes into view.
You shoot an arrow. The arrow hits the hobgoblin!!
You kill the hobgoblin!
You see here a +0 dagger.
Found a club.
Found a scroll of blinking.
You now have 145 gold pieces (gained 5).
An ogre comes into view. It is wielding a +0 giant club.
You shoot an arrow. The arrow hits the ogre!
The ogre shouts!
The ogre is moderately wounded.
You shoot an arrow. The arrow barely misses the ogre.
A bombardier beetle comes into view.
You shoot an arrow. The arrow hits the ogre!
The ogre is severely wounded.
The ogre closely misses you.
You shoot an arrow. The arrow closely misses the ogre.
The arrow hits the bombardier beetle!
The bombardier beetle is severely wounded.
The ogre hits you with a +0 giant club!!
Ouch! That really hurt!
2295 ||| READING 2 scrolls of teleportation.
As you read the scroll of teleportation, it crumbles to dust.
You feel strangely unstable. The ogre hits you with a +0 giant club!
You die...

.#...............#####.
.....)#.....#.....# #.
......##...##.....# #.
......#.....#.....# #.
#...............## #.
.###..#.......#..## #.
..... ##.....###.. #^
......#..###..# ... #.
..B...O@..# ....
.....#.........#. #...
#.........# ...
#......... ..
.....#.... .
..#..###..# .###.. .##
#. .. .


You could see an ogre and a bombardier beetle.

Vanquished Creatures
  Sigmund (D:3)
  A scorpion (D:4)
  An adder (D:3)
  3 ribbon worms (D:2)
  3 dart slugs
  3 orcs
  10 endoplasms
  5 giant cockroaches
  6 goblins
  7 hobgoblins
  5 quokkas
  2 ball pythons (D:1)
  6 bats
  A frilled lizard (D:1)
  3 kobolds
  11 rats
68 creatures vanquished.

Notes
Turn   | Place    | Note
-------+----------+-------------------------------------------
     0 | D:1      | qw the Deep Elf Hunter began the quest for the Orb.
     0 | D:1      | Reached XP level 1. HP: 12/12 MP: 3/3
     0 | D:1      | 0 ||| qw: Version: 0.3-a-160-g6735b56
     0 | D:1      | 0 ||| qw: Game counter: 6169
     0 | D:1      | 0 ||| qw: Melee chars always use a shield: true
     0 | D:1      | 0 ||| qw: God list: Okawaru
     0 | D:1      | 0 ||| qw: Allow faded altars: false
     0 | D:1      | 0 ||| qw: Do Orc after clearing Dungeon:15 true
     0 | D:1      | 0 ||| qw: Do second Lair branch before Depths: true
     0 | D:1      | 0 ||| qw: Lair rune preference: random
     0 | D:1      | 0 ||| qw: Goals: Normal
     0 | D:1      | 0 ||| PLANNING D:1-11
   127 | D:1      | Reached skill level 6 in Ranged Weapons
   127 | D:1      | Reached XP level 2. HP: 16/16 MP: 4/4
   593 | D:1      | 593 ||| UPGRADING to +0 ring mail.
   603 | D:1      | 603 ||| DROPPING +0 leather armour.
   604 | D:1      | 604 ||| UPGRADING to +0 pair of boots.
   609 | D:1      | 609 ||| UPGRADING to +0 pair of gloves.
   614 | D:1      | 614 ||| UPGRADING to +1 helmet.
   619 | D:1      | 619 ||| READING scroll labelled MENGOSY OPNI.
   620 | D:1      | 620 ||| READING scroll labelled LUCALI XUAQEI.
   621 | D:1      | 621 ||| READING scroll labelled SUXKAL QAER.
   622 | D:1      | 622 ||| DRINKING 2 pink potions.
   623 | D:1      | 623 ||| DROPPING scroll of butterflies.
   673 | D:2      | Reached XP level 3. HP: 20/20 MP: 5/5
   847 | D:2      | Reached skill level 7 in Ranged Weapons
  1154 | D:2      | Found a faded altar of an unknown god.
  1637 | D:2      | 1637 ||| UPGRADING to +4 ring of protection.
  1638 | D:2      | 1638 ||| READING scroll labelled WORGHY JOS IGA.
  1638 | D:2      | 1638 ||| ENCHANTING +0 pair of gloves.
  1639 | D:2      | 1639 ||| READING 2 scrolls labelled OLEVIU JEIXTIL.
  1643 | D:2      | 1643 ||| READING scroll labelled ULOADA YQATHRUYLUD.
  1643 | D:2      | 1643 ||| IDENTIFYING inky potion
  1644 | D:2      | 1644 ||| READING scroll labelled SUMAMA QIANO.
  1745 | D:2      | 1745 ||| READING scroll labelled LIMEANW WOMUTT.
  1746 | D:2      | 1746 ||| READING scroll labelled WONIACIOSUI.
  1896 | D:3      | Noticed Sigmund
  1899 | D:3      | 1899 ||| DRINKING potion of curing.
  1899 | D:3      | 1899 ||| (to cure confusion)
  1903 | D:3      | Killed Sigmund
  1904 | D:3      | Reached skill level 9 in Ranged Weapons
  1904 | D:3      | Reached XP level 4. HP: 25/25 MP: 6/6
  1904 | D:3      | Reached XP level 5. HP: 29/29 MP: 7/7
  2169 | D:3      | 2169 ||| READING scroll labelled TAMAISHRIDU.
  2170 | D:3      | 2170 ||| READING scroll labelled MAPNUSK TITZIT.
  2170 | D:3      | Identified a scroll of acquirement
  2170 | D:3      | 2170 ||| ACQUIRING +1 shortbow of Silly Indomitability
                  | {heavy, rF+ Int+2 Dex+2}
  2170 | D:3      | Acquired the +1 shortbow of Silly Indomitability {heavy,
                  | rF+ Int+2 Dex+2}
  2172 | D:3      | 2172 ||| SWAPPING to +1 shortbow of Silly Indomitability
                  | {heavy, rF+ Int+2 Dex+2}.
  2173 | D:3      | 2173 ||| DROPPING +0 shortbow.
  2174 | D:3      | 2174 ||| READING scroll labelled UDGHUTHRYOVA.
  2181 | D:4      | Reached skill level 1 in Armour
  2209 | D:4      | Reached XP level 6. HP: 35/35 MP: 8/8
  2294 | D:4      | HP: 7/35 [ogre/+0 giant club (28)]
  2295 | D:4      | 2295 ||| READING 2 scrolls of teleportation.
  2295 | D:4      | Mangled by an ogre

Levels and vault maps discovered:
D:1:      eino_arrival_water_cross, layout_basic
D:2:      layout_basic, shapermc_ecumenical_altar_mp_vishouse
D:3:      layout_rooms, solitary_fountain, uniq_sigmund
D:4:      nicolae_cairo_tiling_large_dashed, layout_loops_ring,
          nicolae_tso_besieged_by_evil, chequers_temple_overflow_minitemple,
          serial_bayou_pond_d, roderic_three_in_a_row

Skill      XL: |  1  2  3  4  5 |
---------------+----------------+-----
Ranged Weapons | 6 9 |  9.3
Armour         | 1 |  1.0
Fighting       | 2 |  2.2
Dodging        | |  2.4
Stealth        | |  1.2

Action                     |  1- 3 |  4- 6 || total
---------------------------+-------+-------++-------
   Fire: Shortbow          |   142 |    39 ||   181
    Use: Scroll            |     9 |     4 ||    13
         Potion            |     2 |       ||     2
 Armour: Leather armour    |     5 |       ||     5
         Ring mail         |    16 |     2 ||    18
  Dodge: Dodged            |    22 |     1 ||    23

Table legend:
 A = Non-vault XP
 B = Vault XP
 C = Vault XP percentage of total XP
 D = Non-vault monster count
 E = Vault monster count
 F = Vault count percentage of total count
                 A         B        C        D         E       F
            +---------+---------+-------+---------+---------+-------
      Total |     220 |     231 |  51.2 |      67 |       1 |   1.5
            +---------+---------+-------+---------+---------+-------
        D:1 |      35 |       0 |   0.0 |      23 |       0 |   0.0
        D:2 |      57 |       0 |   0.0 |      27 |       0 |   0.0
        D:3 |      41 |     231 |  84.9 |      13 |       1 |   7.1
        D:4 |      87 |       0 |   0.0 |       4 |       0 |   0.0
            +---------+---------+-------+---------+---------+-------
